 Dungeon Crawl Stone Soup version 0.30-b1-5-g8e6c1be481 (webtiles) character file.

Game seed: 487974639023162591

3008 GloriousHammer the Zephyrmancer (level 9, 0/52 HPs)
             Began as a Tengu Air Elementalist on May 5, 2023.
             Was a Follower of Vehumet.
             Slain by a two-headed ogre
             ... wielding a +0 giant spiked club
              (18 damage)
             ... on level 7 of the Dungeon.
             The game lasted 00:20:34 (9369 turns).

GloriousHammer the Zephyrmancer (TeAE)              Turns: 9369, Time: 00:20:34

Health: 0/52       AC:  4    Str:  8    XL:     9   Next: 84%
Magic:  0/19       EV: 16    Int: 21    God:    Vehumet [*.....]
Gold:   245        SH:  5    Dex: 14    Spells: 11/21 levels left

rFire   . . .        (no weapon)
rCold   . . .        k - +0 buckler
rNeg    . . .        I - +2 robe {Archmagi}
rPois   .            (helmet restricted)
rElec   .            A - scarf {repulsion}
rCorr   .            (no gloves)
SInv    .            (boots unavailable)
Will    .....        g - amulet of regeneration
Stlth   +++          (no ring)
HPRegen 1.08/turn    (no ring)
MPRegen 0.16/turn

%: repel missiles, archmagi
@: flying quickly and evasively, quick
A: beak, talons 3, nimble flight
a: Renounce Religion


You were on level 7 of the Dungeon.
You worshipped Vehumet.
Vehumet was aware of your devotion.
You visited 2 branches of the dungeon, and saw 8 of its levels.
You also visited: Ossuary.

You collected 401 gold pieces.
You spent 156 gold pieces at shops.

Inventory:

Hand Weapons
 e - a +0 sling
 y - a +2 dagger of venom
Missiles
 d - 13 poisoned darts
 z - a curare-tipped dart
Armour
 k - a +0 buckler (worn)
 A - a scarf of repulsion (worn)
 I - a +2 robe of the Archmagi (worn)
Jewellery
 g - an amulet of regeneration (around neck)
Wands
 h - a wand of charming (8)
 i - a wand of roots (9)
 m - a wand of polymorph (10)
 p - a wand of flame (10)
Scrolls
 f - 2 scrolls of teleportation
 j - 3 scrolls of enchant weapon {unknown}
 s - a scroll of fear
 t - a scroll of amnesia
 v - a scroll of poison
Potions
 a - a potion of ambrosia
 b - 3 potions of magic
 c - 5 potions of curing
 l - 4 potions of mutation
 n - 2 potions of might
 o - 3 potions of attraction
 q - 3 potions of heal wounds
 r - 2 potions of lignification
 u - 2 potions of degeneration {unknown}
 w - 2 potions of invisibility {unknown}
 x - a potion of resistance {unknown}


   Skills:
 + Level 4.4 Fighting
 + Level 5.4 Dodging
 - Level 4.0 Stealth
 + Level 4.3 Shields
 + Level 6.6 Spellcasting
 - Level 3.7 Conjurations
 + Level 10.0 Air Magic


You had 11 spell levels left.
You knew the following spells:

 Your Spells              Type           Power      Damage    Failure   Level
a - Shock                 Conj/Air       100%       1d9       1%          1
b - Static Discharge      Conj/Air       100%       2-7/arc   1%          2
c - Swiftness             Air            65%        N/A       1%          3
d - Airstrike             Air            32%        2d(5-21)  2%          4

Your spell library contained the following spells:

 Spells                   Type           Power      Damage    Failure   Level
 Scorch                   Fire           20%        2d5       22%         2
 Kiss of Death            Conj/Necr      88%        2d12      6%          1
 Blink                    Tloc           20%        N/A       22%         2
 Lesser Beckoning         Tloc           20%        N/A       22%         2
 Confusing Touch          Hex            10%        N/A       38%         3
 Gell's Gravitas          Tloc           10%        N/A       38%         3
 Teleport Other           Tloc           10%        N/A       38%         3
 Dispel Undead            Necr           10%        3d9       80%         4
 Manifold Assault         Tloc           10%        N/A       80%         4
 Storm Form               Tmut/Air       20%        N/A       100%        7


Dungeon Overview and Level Annotations

Branches:
Dungeon (7/15)             Temple (1/1) D:6         Ossuary (visited)

Altars:
Dithmenos
Elyvilon
Fedhas
Gozag
Hepliaklqana
Kikubaaqudgha
Makhleb
Nemelex Xobeh
Okawaru
Qazlal
Ru
Sif Muna
Trog
Uskayaw
Vehumet
Xom
Yredelemnul
Zin
The Shining One

Shops:
D:4 =   D:5 ?


Innate Abilities, Weirdness & Mutations

You have a beak for a mouth.
You have claws for feet.
Your magical nature lets you fly swiftly and evasively.


Message History

Duvessa is moderately wounded.
Duvessa closely misses you.
Casting: Airstrike (dangerous; 2% risk of failure)
Confirm with . or Enter, or press ? or * to list all spells.
Aiming: Airstrike (dangerous; 2% risk of failure)
Press: ? - help, Dir - move target, f/p - Duvessa
Aim: Duvessa, wielding a +0 short sword, wearing a +0 leather armour and carrying a wand of roots (9) (moderately wounded, berserk, empty space bonus: 7/8)
You feel a surge of power!
The air twists around and strikes Duvessa!
Duvessa is heavily wounded.
Duvessa hits you with a +0 short sword! x2
Casting: Airstrike (dangerous; 2% risk of failure)
Confirm with . or Enter, or press ? or * to list all spells.
Aiming: Airstrike (dangerous; 2% risk of failure)
Press: ? - help, Dir - move target, f/p - Duvessa
Aim: Duvessa, wielding a +0 short sword, wearing a +0 leather armour and carrying a wand of roots (9) (heavily wounded, berserk, empty space bonus: 7/8)
You feel a surge of power!
The air twists around and strikes Duvessa!!
You kill Duvessa!
Vehumet accepts your kill.
Unknown command.
You start resting.
HP restored.
You start resting.
Magic restored.
i - a wand of roots (9)
Items here: )) [[.
j - 3 scrolls labelled CUVIGO PAHIM A scorpion comes into view.
You feel a surge of power!
The zap hits the scorpion!
The scorpion is heavily wounded.
You feel a surge of power!
The zap hits the scorpion!
You kill the scorpion!
Vehumet accepts your kill.
You can't see any susceptible monsters within range! (Use Z to cast anyway.)
You start resting.
Magic restored.
There is a stone staircase leading down here.
Found an escape hatch in the ceiling.
There is an escape hatch in the ceiling here.
Found a staircase to the Ecumenical Temple.
There is a staircase to the Ecumenical Temple here.
You fly downwards.
Welcome to the Ecumenical Temple!
Found a bloodstained altar of Trog and a shimmering altar of Xom.
There is a staircase back to the Dungeon here.
Found a glowing silver altar of Zin and an opulent altar of Gozag.
There is a shimmering altar of Xom here.
Found a shadowy altar of Dithmenos.
Found a sparkling altar of Nemelex Xobeh.
There is an opulent altar of Gozag here.
Found an ancient bone altar of Kikubaaqudgha.
Found a hide-covered altar of Uskayaw.
There is a shadowy altar of Dithmenos here.
Found a glowing golden altar of the Shining One.
There is a hide-covered altar of Uskayaw here.
Found a shimmering blue altar of Sif Muna and a sacrificial altar of Ru.
Done exploring.
Done exploring.
Done exploring.
There is a glowing silver altar of Zin here.
There is a bloodstained altar of Trog here.
There is a staircase back to the Dungeon here.
You fly upwards.
Welcome back to the Dungeon!
There is a staircase to the Ecumenical Temple here.
You reach down and open the door.
You reach down and open the door.
There is an open door here.
There is an open door here.
Key pressed, stopping explore.
Things that are here:
a +0 short sword; 4 stones; a +0 short sword
Things that are here:
5 stones; a +0 short sword; a +0 club
d - 13 poisoned darts (gained 7)
You see here a +0 short sword.
Things that are here:
5 stones; a +0 short sword; a +0 club
Things that are here:
a +0 short sword; 4 stones; a +0 short sword You now have 230 gold pieces (gained 17).
There is a stone staircase leading down here.
Key pressed, stopping explore.
There is a stone staircase leading down here.
There is an escape hatch in the floor here.
There is an open door here.
There is an open door here.
There is a stone staircase leading down here.
Done exploring.
Done exploring.
Done exploring.
Search for what [Enter for "."]? .
Search for what [Enter for "."]? .
There is an open door here.
There is an open door here.
There is an escape hatch in the floor here.
Things that are here:
a curare-tipped dart; a +0 dagger
z - a curare-tipped dart
Okay, then.
(D) Dungeon (T) Temple
Where to? (Enter - D:6 @ (x,y), ? - help)
There is a stone staircase leading down here.
You fly downwards.
Found 15 gold pieces.
There is a stone staircase leading up here.
Found an embroidered scarf.
A white imp comes into view.
The white imp shouts!
The white imp gestures at you. The puff of frost misses you.
There is a stone staircase leading up here.
Casting: Shock (safe; 1% risk of failure)
Confirm with . or Enter, or press ? or * to list all spells.
Aiming: Airstrike (dangerous; 2% risk of failure)
Press: ? - help, Dir - move target, f - white imp
Aim: a white imp (empty space bonus: 7/8)
You feel a surge of power!
The air twists around and strikes the white imp!
You kill the white imp!
Vehumet accepts your kill.
You now have 245 gold pieces (gained 15).
Found a stone staircase leading down.
You see here a scarf of repulsion.
Okay, then.
You start putting on your armour.
You continue putting on your scarf of repulsion. x4
You finish putting on your scarf of repulsion.
You are surrounded by a repulsion field.
Magic restored.
Found a whip.
Found a burning altar of Makhleb. 2 iguanas come into view.
Casting: Airstrike (dangerous; 2% risk of failure)
Confirm with . or Enter, or press ? or * to list all spells.
Aiming: Airstrike (dangerous; 2% risk of failure)
Press: ? - help, Dir - move target, f - iguana
Aim: an iguana (asleep, empty space bonus: 4/8)
You feel a surge of power!
The air twists around and strikes the iguana!!
You kill the iguana!
Vehumet accepts your kill.
The iguana hisses angrily.
You hear two shouts!
Casting: Airstrike (dangerous; 2% risk of failure)
Confirm with . or Enter, or press ? or * to list all spells.
Aiming: Airstrike (dangerous; 2% risk of failure)
Press: ? - help, Dir - move target, f - iguana
Aim: an iguana (empty space bonus: 5/8)
You feel a surge of power!
The air twists around and strikes the iguana!
You kill the iguana!
Vehumet accepts your kill.
You feel your power returning.
Your Air Magic skill increases to level 10!
A two-headed ogre comes into view.
It is wielding a +0 giant spiked club and a +0 giant club.
A two-headed ogre is nearby!
Casting: Airstrike (dangerous; 2% risk of failure)
Confirm with . or Enter, or press ? or * to list all spells.
Aiming: Airstrike (dangerous; 2% risk of failure)
Press: ? - help, Dir - move target, f - two-headed ogre
Aim: a two-headed ogre, wielding a +0 giant spiked club and a +0 giant club (empty space bonus: 6/8)
You feel a surge of power!
The air twists around and strikes the two-headed ogre.
The two-headed ogre is lightly wounded.
Casting: Airstrike (dangerous; 2% risk of failure)
Confirm with . or Enter, or press ? or * to list all spells.
Aiming: Airstrike (dangerous; 2% risk of failure)
Press: ? - help, Dir - move target, f/p - two-headed ogre
Aim: a two-headed ogre, wielding a +0 giant spiked club and a +0 giant club (lightly wounded, empty space bonus: 8/8)
You feel a surge of power!
The air twists around and strikes the two-headed ogre!!
The two-headed ogre is heavily wounded.
Casting: Airstrike (dangerous; 2% risk of failure)
Confirm with . or Enter, or press ? or * to list all spells.
Aiming: Airstrike (dangerous; 2% risk of failure)
Press: ? - help, Dir - move target, f/p - two-headed ogre
Aim: a two-headed ogre, wielding a +0 giant spiked club and a +0 giant club (moderately wounded, empty space bonus: 8/8)
You feel a surge of power!
The air twists around and strikes the two-headed ogre!!
The two-headed ogre is severely wounded.
Casting: Airstrike (dangerous; 2% risk of failure)
Confirm with . or Enter, or press ? or * to list all spells.
You don't have enough magic to cast this spell.
Unknown command.
Unknown command.
Aiming: Throw Flame
Press: ? - help, Shift-Dir - straight line, f/p - two-headed ogre
Aim: a two-headed ogre, wielding a +0 giant spiked club and a +0 giant club (severely wounded, 85% to hit)
The puff of flame hits the two-headed ogre.
The two-headed ogre is almost dead.
The two-headed ogre hits you with a +0 giant spiked club!!
The two-headed ogre hits you with a +0 giant club!
Unknown command.
Casting: Airstrike (dangerous; 2% risk of failure)
Confirm with . or Enter, or press ? or * to list all spells.
You feel a surge of power!
The two-headed ogre is struck by an arc of lightning.
The two-headed ogre is almost dead.
You are struck by an arc of lightning.
The lightning grounds out.
The two-headed ogre barely misses you.
The two-headed ogre hits you with a +0 giant club!!
You die...

. ##.### #########...#..
## ## #.........# #O# ...
#.. #..@....# #.# ..##
#...##...O...#####.#....#
#............##....).._..
#....#<......##.###.#....
.... #.##.......## .# ..
... #.#####.....# .. #
#.# #.....# ###
#.#........##
#.#>####.....


You could see a two-headed ogre.

Vanquished Creatures
  Pikel (D:4)
  Grinder (D:3)
  Duvessa (D:6)
  A water moccasin (D:6)
  3 ice beasts
  A black bear (D:5)
  An ogre (D:5)
  A phantom (D:5)
  A kobold brigand (D:6)
  4 scorpions
  A water moccasin zombie (Ossuary)
  A wyvern zombie (Ossuary)
  Dowan (D:6)
  A howler monkey (D:6)
  4 bullfrog zombies (Ossuary)
  5 centaur zombies (Ossuary)
  2 jellies (D:5)
  2 hounds
  5 iguanas
  A sleepcap (D:5)
  Ijyb (D:3)
  5 orc wizards
  A killer bee zombie (Ossuary)
  15 mummies (Ossuary)
  2 howler monkey zombies (Ossuary)
  7 adders
  3 white imps
  2 dart slugs
  9 orcs
  10 ball pythons
  3 endoplasms
  A giant cockroach (D:1)
  4 goblins
  5 hobgoblins
  11 kobolds
  3 quokkas
  10 bats
  5 frilled lizards
  9 rats
144 creatures vanquished.

Vanquished Creatures (others)
  7 withered plants (Ossuary)
7 creatures vanquished.

Grand Total: 151 creatures vanquished

Notes
Turn   | Place    | Note
-------+----------+-------------------------------------------
     0 | D:1      | GloriousHammer the Tengu Air Elementalist began the quest
                  | for the Orb.
     0 | D:1      | Reached XP level 1. HP: 10/10 MP: 4/4
   365 | D:1      | Reached XP level 2. HP: 15/15 MP: 4/6
  1163 | D:1      | Reached XP level 3. HP: 19/19 MP: 7/7
  1166 | D:1      | Learned a level 2 spell: Static Discharge
  1170 | D:1      | Learned a level 3 spell: Swiftness
  2637 | D:3      | Reached skill level 5 in Air Magic
  2637 | D:3      | Reached XP level 4. HP: 13/24 MP: 2/9
  2709 | D:3      | Found a faded altar of an unknown god.
  2869 | D:3      | Noticed Ijyb
  2880 | D:3      | Killed Ijyb
  2995 | D:3      | Noticed Grinder
  3083 | D:4      | Noticed a lemure
  3084 | D:4      | Noticed a lemure
  3084 | D:4      | Noticed a lemure
  3084 | D:4      | Noticed a lemure
  3085 | D:4      | Noticed Pikel
  3406 | D:4      | Gained mutation: Your magical nature lets you fly swiftly
                  | and evasively. [Tengu growth]
  3406 | D:4      | Reached XP level 5. HP: 28/28 MP: 6/10
  3613 | D:4      | Learned a level 4 spell: Airstrike
  3622 | D:4      | Found an iron altar of Okawaru.
  4138 | D:4      | Killed Pikel
  4139 | D:4      | Reached skill level 5 in Spellcasting
  4139 | D:4      | Reached skill level 7 in Air Magic
  4139 | D:4      | Reached XP level 6. HP: 32/32 MP: 1/14
  4139 | D:4      | Reached XP level 7. HP: 36/36 MP: 1/15
  4515 | D:4      | Found Puimeata's Jewellery Shop.
  4593 | D:4      | Found a blossoming altar of Fedhas.
  4876 | D:5      | Entered Level 5 of the Dungeon
  4884 | D:5      | Reached skill level 8 in Air Magic
  5107 | D:5      | Reached skill level 1 in Fighting
  5107 | D:5      | Reached skill level 1 in Shields
  5191 | D:5      | Found Nizxaum's Magic Scroll Shop.
  5203 | D:5      | Reached XP level 8. HP: 43/43 MP: 13/16
  5332 | D:5      | Bought 3 scrolls of noise for 36 gold pieces
  5332 | D:5      | Bought a scroll of fear for 48 gold pieces
  5332 | D:5      | Bought a scroll of identify for 24 gold pieces
  6219 | D:5      | Found a radiant altar of Vehumet.
  6285 | D:5      | Identified the +3 pair of boots "Repregos" {-Tele Harm
                  | Dex+2 Stlth+}
  6288 | D:5      | Became a worshipper of Vehumet
  6329 | D:5      | Found a white marble altar of Elyvilon.
  6346 | D:5      | Found a basalt altar of Yredelemnul.
  6346 | D:5      | Found a stormy altar of Qazlal.
  6347 | D:5      | Found a hazy altar of Hepliaklqana.
  6495 | D:5      | Bought a scroll of identify for 24 gold pieces
  6495 | D:5      | Bought a scroll of identify for 24 gold pieces
  6529 | D:3      | Killed Grinder
  6843 | D:6      | Found a sand-covered staircase.
  6869 | D:6      | Reached skill level 9 in Air Magic
  6869 | D:6      | Reached XP level 9. HP: 37/49 MP: 13/18
  7097 | Ossuary  | Entered an ossuary
  7126 | Ossuary  | Reached * piety under Vehumet
  7126 | Ossuary  | Offered knowledge of Foxfire by Vehumet.
  7645 | Ossuary  | Reached skill level 5 in Dodging
  7947 | D:6      | Offered knowledge of Scorch by Vehumet.
  7948 | D:6      | Reached ** piety under Vehumet
  8250 | D:6      | Noticed Dowan
  8251 | D:6      | Noticed Duvessa
  8267 | D:6      | Killed Dowan
  8351 | D:6      | Killed Duvessa
  8588 | D:6      | Found a staircase to the Ecumenical Temple.
  8597 | Temple   | Entered the Ecumenical Temple
  9346 | D:7      | Found a burning altar of Makhleb.
  9355 | D:7      | Reached skill level 10 in Air Magic
  9355 | D:7      | Noticed a two-headed ogre
  9369 | D:7      | Slain by a two-headed ogre

Illustrated notes

Levels and vault maps discovered:
D:1:      scummos_arrival_hexagon, layout_basic
D:2:      layout_loops_corners, kennysheep_generic_room_7
D:3:      layout_basic, basic_ecumenical_altar, uniq_grinder, uniq_ijyb
D:4:      layout_basic, okawaru_ov_weapons_minmay, fedhas_altar_2, serial_shops,
          nicolae_shop_getting_attention, uniq_pikel
D:5:      minmay_diamond_boxcup, layout_basic, lemuel_coloured_pillars_altar,
          chequers_temple_overflow_statue_of_worship, serial_shops, shop,
          kennysheep_boxes
D:6:      layout_basic, lemuel_temple_firewalk_b,
          nicolae_ossuary_entry_false_entrances, eino_curves_04, uniq_duvessa
D:7:      layout_basic, nicolae_overflow_crystal_walls,
          nicolae_wu_jian_wuxing_cycle, gammafunk_ghost_arena,
          minmay_misc_feat_five, grunt_decor_clamped
Temple:   nicolae_temple_ecumenical_triangle

Skill      XL: |  1  2  3  4  5  6  7  8  9 |
---------------+----------------------------+-----
Conjurations   | 2 3 |  3.7
Air Magic      | 5 7 8 9 10 | 10.0
Spellcasting   | 3 5 6 |  6.6
Fighting       | 1 2 4 |  4.4
Shields        | 1 2 4 |  4.3
Dodging        | 4 5 |  5.4
Stealth        | 4 |  4.0

Action                     |  1- 3 |  4- 6 |  7- 9 || total
---------------------------+-------+-------+-------++-------
  Melee: Unarmed           |     1 |       |       ||     1
         Long sword        |       |     8 |    56 ||    64
         Peck              |       |     1 |    11 ||    12
         Kick              |       |       |    17 ||    17
   Fire: Sling             |    66 |    13 |       ||    79
   Cast: Shock             |    59 |    22 |   171 ||   252
         Static Discharge  |       |    10 |    10 ||    20
         Airstrike         |       |     3 |    29 ||    32
  Evoke: Wand              |       |     3 |     1 ||     4
    Use: Scroll            |       |       |    11 ||    11
   Stab: Sleeping          |       |       |     2 ||     2
 Armour: Robe              |     6 |     3 |    40 ||    49
  Dodge: Dodged            |    25 |    12 |   101 ||   138
  Block: Buckler           |       |     4 |    22 ||    26
